 Dungeon Crawl Stone Soup version 0.29-a0-233-g1125b37a9b (webtiles) character file.

Game seed: 14560920343599479981

9866 jfcaron the Fighter (level 11, -3/89 HPs)
             Began as a Demonspawn Fighter on Mar 2, 2022.
             Was a Believer of Qazlal.
             Killed from afar by an efreet (8 damage)
             ... with a fireball
             ... on level 9 of the Dungeon.
             The game lasted 00:29:25 (11362 turns).

jfcaron the Fighter (Demonspawn Fighter)           Turns: 11362, Time: 00:29:26

Health: -3/89      AC: 15    Str: 26    XL:     11   Next: 28%
Magic:  15/15      EV:  7    Int: 11    God:    Qazlal [**....]
Gold:   1747       SH:  9    Dex: 12    Spells: 10/10 levels left

rFire   + . .      SeeInvis .   L - +4 war axe (flame)
rCold   + . .      Faith    +   c - +0 buckler
rNeg    . . .      Spirit   .   b - +0 plate armour
rPois   +          Reflect  .   r - +1 hat
rElec   +          Harm     .   K - +0 cloak
rCorr   +          Rampage  .   (no gloves)
Will    .....                   D - +0 pair of boots
Stlth   ..........              s - amulet of faith
HPRegen 2.24/turn               f - +6 ring of strength
MPRegen 0.14/turn               y - ring of poison resistance

@: resistant, corroded
A: horns 2, icy blue scales 1, powered by death 2
a: Renounce Religion, Upheaval


You were on level 9 of the Dungeon.
You worshipped Qazlal.
Qazlal was pleased with you.
You visited 2 branches of the dungeon, and saw 10 of its levels.
You also visited: Bailey.

You collected 1747 gold pieces.

Inventory:

Hand Weapons
 G - a +1 war axe
 L - a +4 war axe of flaming (weapon)
Missiles
 g - 5 javelins
 h - 14 poisoned darts
 B - 3 curare-tipped darts {!f}
 F - 5 datura-tipped darts
Armour
 b - a +0 plate armour (worn)
 c - a +0 buckler (worn)
 p - a +2 ring mail of fire resistance
 r - a +1 hat (worn)
 D - a +0 pair of boots (worn)
 I - a +1 leather armour of cold resistance
 K - a +0 cloak (worn)
 N - the +3 ring mail "Mipnu" {+Blink rC- Regen+ Int+2}
   (You found it in a bailey)

   Int:       It affects your intelligence (+2).
   rC:        It makes you vulnerable to cold.
   +Blink:    It lets you blink.
   Regen:     It increases your rate of health regeneration.
Magical Staves
 x - a staff of cold
Jewellery
 f - a +6 ring of strength (left hand)
 s - an amulet of faith (around neck)
 y - a ring of poison resistance (right hand)
 O - an amulet of reflection
Wands
 k - a wand of flame (29)
 z - a wand of acid (2)
 C - a wand of digging (4)
 E - a wand of iceblast (7)
Scrolls
 a - 2 scrolls of identify
 e - 2 scrolls of immolation
 n - 2 scrolls of teleportation
 A - 3 scrolls of enchant weapon
Potions
 l - a potion of flight
 m - a potion of lignification
 o - a potion of ambrosia
 t - a potion of berserk rage
 u - 3 potions of magic
 v - a potion of curing
 w - 2 potions of haste
 M - a potion of might
Miscellaneous
 J - a piece from Xom's chessboard (15/15)


   Skills:
 + Level 9.2 Fighting
 + Level 8.1 Axes
 + Level 8.3 Armour
 + Level 8.4 Shields
 + Level 6.3 Invocations


You had 10 spell levels left.
You didn't know any spells.
Your spell library contained the following spells:

 Spells                   Type           Power      Damage    Failure   Level
 Airstrike                Air            0%         N/A       100%        4
 Summon Lightning Spire   Summ/Air       0%         N/A       100%        4
 Fireball                 Conj/Fire      0%         3d3       100%        5
 Iskenderun's Battlesphe  Conj           0%         2d6       100%        5
 Lightning Bolt           Conj/Air       0%         1d11      100%        5
 Summon Forest            Summ/Tloc      0%         N/A       100%        5
 Summon Mana Viper        Hex/Summ       0%         N/A       100%        5
 Conjure Ball Lightning   Conj/Air       0%         3x3d6     100%        6
 Summon Cactus Giant      Summ           0%         N/A       100%        6
 Orb of Destruction       Conj           0%         9d5       100%        7


Dungeon Overview and Level Annotations

Branches:
Dungeon (9/15)             Temple (1/1) D:6          Bailey (visited)
   Lair: D:8-11         Orc: D:9-12

Altars:
Ashenzari
Cheibriados
Dithmenos
Elyvilon
Fedhas
Gozag
Makhleb
Okawaru
Qazlal
Sif Muna
Trog
Uskayaw
Vehumet
Wu Jian
Xom
Yredelemnul
Zin
The Shining One


Innate Abilities, Weirdness & Mutations

You have a pair of horns on your head.
You are partially covered in icy blue scales. (AC +2)
You regenerate health from kills.


Message History

The efreet gestures at you. The bolt of fire hits you!!
* * * LOW HITPOINT WARNING * * *
You see here a killer bee corpse.
You feel much better. The brown ugly thing engulfs you. The acid corrodes you!
You are splashed with acid!
As you read the scroll of teleportation, it crumbles to dust.
You feel strangely unstable.
The brown ugly thing engulfs you but does no damage.
You slice the brown ugly thing!! You burn the brown ugly thing.
The brown ugly thing is almost dead.
You block the brown ugly thing's attack.
You slash the brown ugly thing! You burn the brown ugly thing.
You kill the brown ugly thing!
Qazlal accepts your kill.
Your surroundings suddenly seem different.
An efreet comes into view.
It is wielding a +2 scimitar of flaming.
Found a stone staircase leading down.
The efreet gestures at you. The bolt of fire hits you!!
* * * LOW HITPOINT WARNING * * *
A kobold comes into view. It is wielding a +0 club.
As you read the scroll of fog, it crumbles to dust.
The scroll dissolves into smoke.
A howler monkey comes into view.
The efreet gestures at you. The bolt of fire hits you!
* * * LOW HITPOINT WARNING * * *
The bolt of fire hits the efreet.
The efreet completely resists.
Okay, then.
Unknown command.
Okay, then.
Unknown command.
Okay, then.
Unknown command.
Okay, then.
You feel protected. The efreet gestures at you.
The fireball explodes!
The fireball engulfs you! You resist.
You die...

###)).#....####.
#####.......#...#......
##...)....###........#..
.....).##.†.☼...........
##....#####.°R)........#
#...## ##..R..........
..... #...†..........
##... #...#..§§§§.....>
#### #..###†.§§@§....K.
..........§R§§....h.
.... ..##.§§§....... ...
°..○☼.....R.... ../
..###......○..## ...
..D...°°.... #.#
#..........##
#........###


You could see 4 efreet, a howler monkey and a kobold.

Vanquished Creatures
  An orc warlord (Bailey)
  3 skeletal warriors (D:8)
  Pikel (D:3)
  A deep elf pyromancer (D:9)
  A cyclops (D:8)
  An ugly thing (D:9)
  Maurice (D:8)
  Maggie (D:8)
  A gargoyle (D:6)
  A tengu conjurer (D:9)
  2 trolls (D:9)
  A meliai (shapeshifter) (Bailey)
  A vampire (D:9)
  2 wyverns
  A steam dragon (D:8)
  2 water moccasins (D:7)
  4 orc warriors
  2 black bears
  4 ice beasts
  3 ogres
  3 centaurs
  A lemure (D:3)
  A kobold brigand (D:7)
  A gnoll sergeant (D:7)
  A wyvern zombie (D:5)
  A scorpion (D:5)
  A necrophage (D:6)
  5 wights
  2 killer bees (D:9)
  An electric eel (D:8)
  A centaur zombie (D:5)
  A human zombie (D:5)
  A hound (D:4)
  5 jellies
  3 gnoll shamans
  2 orc priests
  Crazy Yiuf (D:2)
  Jessica (D:2)
  Ijyb (D:5)
  8 iguanas
  10 orc wizards
  Terence (D:3)
  3 hound zombies (D:5)
  2 mummies (D:5)
  15 gnolls
  Robin (D:4)
  5 adders
  2 white imps (D:7)
  2 ufetubi
  3 worms
  A dart slug (D:2)
  38 orcs
  3 ball pythons
  5 bats
  8 endoplasms
  3 giant cockroaches
  23 goblins
  8 hobgoblins
  4 jackals (D:5)
  3 quokkas
  6 frilled lizards
  18 kobolds
  6 rats
  A fungus (D:1)
  31 plants
277 creatures vanquished.

Notes
Turn   | Place    | Note
-------+----------+-------------------------------------------
     0 | D:1      | jfcaron the Demonspawn Fighter began the quest for the Orb.
     0 | D:1      | Reached XP level 1. HP: 18/18 MP: 1/1
   310 | D:1      | Gained mutation: You regenerate a little health from kills.
                  | [demonic ancestry]
   310 | D:1      | Reached XP level 2. HP: 21/24 MP: 2/2
   405 | D:1      | Found a faded altar of an unknown god.
   845 | D:2      | Reached XP level 3. HP: 27/29 MP: 3/3
   866 | D:2      | Identified the +3 leather armour of the Cuttlefish {Harm
                  | rC- Int+4 Slay+2}
   876 | D:2      | Noticed Jessica
   885 | D:2      | Killed Jessica
  1247 | D:2      | Gained mutation: You have a pair of small horns on your
                  | head. [demonic ancestry]
  1247 | D:2      | Reached XP level 4. HP: 29/35 MP: 4/4
  1652 | D:2      | Found a runed translucent door.
  1653 | D:2      | Noticed Crazy Yiuf
  2610 | D:3      | Noticed Terence
  2627 | D:3      | Killed Terence
  2938 | D:3      | HP: 5/37 [orc wizard/magic dart (6)]
  2992 | D:3      | HP: 6/37 [something/magic dart (5)]
  3258 | D:3      | Gained mutation: You are partially covered in icy blue
                  | scales. (AC +2) [demonic ancestry]
  3258 | D:3      | Reached XP level 5. HP: 41/42 MP: 5/5
  3849 | D:3      | Reached skill level 4 in Fighting
  4287 | D:4      | Reached XP level 6. HP: 41/48 MP: 6/6
  4543 | D:4      | Noticed Robin
  4570 | D:4      | Killed Robin
  4696 | D:4      | Noticed Pikel
  4745 | D:3      | Killed Pikel
  4746 | D:3      | Reached skill level 5 in Fighting
  4746 | D:3      | Reached XP level 7. HP: 24/56 MP: 7/7
  5186 | D:5      | Entered Level 5 of the Dungeon
  5434 | D:5      | Gained mutation: You have a pair of horns on your head.
                  | [demonic ancestry]
  5434 | D:5      | Reached XP level 8. HP: 49/63 MP: 8/8
  5518 | D:5      | Found an ornate altar of the Wu Jian Council.
  5531 | D:5      | Reached skill level 5 in Shields
  5535 | D:5      | Reached skill level 5 in Armour
  5992 | D:5      | Found an iron altar of Okawaru.
  6121 | D:5      | Reached skill level 6 in Fighting
  6121 | D:5      | Reached skill level 5 in Axes
  6253 | D:5      | Found a basalt altar of Yredelemnul.
  6387 | D:5      | Found a blossoming altar of Fedhas.
  6415 | D:5      | Noticed Ijyb
  6417 | D:5      | Paralysed by Ijyb for 5 turns
  6431 | D:5      | Killed Ijyb
  6671 | D:6      | Identified 2 scrolls of acquirement
  6671 | D:6      | Acquired 591 gold pieces
  6673 | D:6      | Acquired 700 gold pieces
  6928 | D:6      | Identified the +0 short sword of Bonufiramn {vorpal, rElec}
  6986 | D:6      | Found a staircase to the Ecumenical Temple.
  6987 | D:6      | Noticed a gargoyle
  7004 | D:6      | Killed a gargoyle
  7005 | D:6      | Reached XP level 9. HP: 41/71 MP: 9/9
  7179 | Temple   | Entered the Ecumenical Temple
  7220 | Temple   | Became a worshipper of Qazlal Stormbringer
  8213 | D:2      | Killed Crazy Yiuf
  8358 | D:7      | Reached skill level 7 in Fighting
  8482 | D:7      | Found a shadowy altar of Dithmenos.
  8570 | D:7      | Found a broken altar of Ashenzari.
  8684 | D:7      | Reached * piety under Qazlal
  9632 | D:8      | Noticed Maggie
  9633 | D:8      | Noticed Maurice
  9641 | D:8      | Killed Maggie
  9642 | D:8      | Reached skill level 1 in Invocations
  9642 | D:8      | Reached XP level 10. HP: 75/80 MP: 9/11
  9650 | D:8      | Killed Maurice
  9693 | D:8      | Noticed a cyclops
  9702 | D:8      | Killed a cyclops
  9703 | D:8      | Reached skill level 8 in Fighting
  9762 | D:8      | Noticed a skeletal warrior
  9764 | D:8      | Noticed a skeletal warrior
  9767 | D:8      | Noticed a skeletal warrior
  9775 | D:8      | Killed a skeletal warrior
  9775 | D:8      | HP: 13/80 [skeletal warrior/+0 flail[a skeletal warrior]
                  | (12)]
  9775 | D:8      | HP: 2/80 [skeletal warrior/+0 flail[a skeletal warrior]
                  | (11)]
  9777 | D:8      | Killed a skeletal warrior
  9781 | D:8      | Killed a skeletal warrior
  9841 | D:8      | Found a faded altar of an unknown god.
  9857 | D:8      | Found a flagged portal.
  9865 | Bailey   | Entered a bailey
  9886 | Bailey   | Noticed an orc warlord
  9903 | Bailey   | Reached ** piety under Qazlal
  9925 | Bailey   | HP: 15/82 [meliai (shapeshifter)/+0 war axe (4)]
 10217 | Bailey   | Reached skill level 5 in Invocations
 10233 | Bailey   | Found a runed translucent gate.
 10233 | Bailey   | Found a runed translucent gate.
 10233 | Bailey   | Found a runed translucent gate.
 10480 | Bailey   | Killed an orc warlord
 10481 | Bailey   | Gained mutation: You regenerate health from kills. [demonic
                  | ancestry]
 10481 | Bailey   | Reached XP level 11. HP: 24/87 MP: 8/15
 10767 | Bailey   | Identified the +3 ring mail "Mipnu" {+Blink rC- Regen+
                  | Int+2}
 10770 | Bailey   | Acquired a +4 war axe of flaming
 11199 | D:9      | Reached skill level 9 in Fighting
 11200 | D:9      | Found a burning altar of Makhleb.
 11330 | D:9      | Noticed a deep elf pyromancer
 11339 | D:9      | Killed a deep elf pyromancer
 11346 | D:9      | Noticed a brown ugly thing
 11353 | D:9      | HP: 8/89 [efreet/bolt of fire (26)]
 11360 | D:9      | Killed a brown ugly thing
 11360 | D:9      | HP: 14/89 [efreet/bolt of fire (26)]
 11361 | D:9      | HP: 2/89 [efreet/bolt of fire (14)]
 11362 | D:9      | Killed from afar by an efreet

Illustrated notes

Levels and vault maps discovered:
D:1:      dpeg_arrival_orchard, layout_loops_ring,
          dreamdust_ecumenical_altar_grove, hangedman_decor_clover_reticule
D:2:      layout_loops_ring, minmay_fractal_squares_gapless_5,
          uniq_crazy_yiuf_cottage, uniq_jessica
D:3:      cheibrodos_pilgrimage, layout_loops_corners, serial_bayou,
          serial_bayou_pond_c, serial_bayou_lake_a, serial_bayou_shore_a,
          serial_bayou_pond_c, uniq_terence
D:4:      layout_rooms, uniq_pikel, uniq_robin
D:5:      layout_loops_ring, mainiacjoe_overflow_boulevard,
          mainiacjoe_overflow_catwalk, kennysheep_mini_moat,
          lemuel_mausoleum_altar_yredelemnul, uniq_ijyb
D:6:      layout_basic, minmay_temple_entry_statues, grunt_ministairs_7,
          nicolae_elevator_lobby_plus
D:7:      layout_cave_pods, mainiacjoe_overflow_tiny_flanked,
          mainiacjoe_overflow_cross_hatched, minivault_24,
          minmay_alternating_orb
D:8:      layout_cave_pools, nicolae_elyvilon_temple_path, serial_column_ruins,
          column_ruins_temple_circle, column_ruins_hut,
          column_ruins_open_small_water, column_ruins_open_tiny,
          column_ruins_open_tiny, column_ruins_open_tiny,
          column_ruins_columns_straight, column_ruins_corridor_dead_end,
          enter_bailey_4, uniq_maggie, uniq_maurice
D:9:      layout_rooms, marbit_many_paths, mainiacjoe_overflow_paths,
          hiddenorc1_lemuel, minivault_28
Temple:   jpeg_temple_alley_garden

Skill      XL: |  1  2  3  4  5  6  7  8  9 10 11 |
---------------+----------------------------------+-----
Axes           | 2 3 4 5 6 7 8 |  8.1
Armour         | 3 4 6 7 8 |  8.3
Shields        | 3 4 6 7 8 |  8.4
Fighting       | 4 5 6 7 8 9 |  9.2
Invocations    | 1 5 6 |  6.3

Action                   |  1- 3 |  4- 6 |  7- 9 | 10-12 || total
-------------------------+-------+-------+-------+-------++-------
Melee: War axe           |    72 |   140 |   301 |   142 ||   655
       Headbutt          |       |    19 |    48 |    25 ||    92
Throw: Stone             |     6 |       |       |       ||     6
       Dart              |     1 |       |    11 |     7 ||    19
Invok: Upheaval          |       |       |       |     3 ||     3
Evoke: Wand              |       |       |    10 |    13 ||    23
  Use: Scroll            |       |     7 |    15 |     7 ||    29
       Potion            |       |     2 |       |     7 ||     9
 Stab: Distracted        |       |       |     1 |       ||     1
       Paralysed         |       |       |     1 |       ||     1
Armor: Scale mail        |    21 |       |       |       ||    21
       Ring mail         |     1 |    15 |       |       ||    16
       Plate armour      |       |    81 |   223 |    85 ||   389
Dodge: Dodged            |    32 |    48 |    89 |    28 ||   197
Block: Buckler           |    16 |    34 |   101 |    71 ||   222

Table legend: (Time is in decaauts)
 A = Elapsed time spent in this place.
 B = Non-inter-level travel time spent in this place.
 C = Inter-level travel time spent in this place.
 D = Time resting spent in this place.
 E = Time spent auto-exploring this place.
 F = Levels seen in this place.
 G = Mean time per level.
                   A        B        C        D        E       F      G
               +--------+--------+--------+--------+--------+-----+--------+
         Total |  11654 |  10895 |    759 |   2581 |   5961 |  11 | 1059.5 |
       Dungeon |  10504 |   9799 |    705 |   2129 |   5531 |   9 | 1167.1 |
        Temple |    230 |    176 |     54 |      0 |    165 |   1 |  230.0 |
        Bailey |    919 |    919 |      0 |    451 |    265 |   1 |  919.0 |
               +--------+--------+--------+--------+--------+-----+--------+

Top non-repeatable levels by time:
     D:3: 2300 daAuts
     D:2: 1545 daAuts
     D:5: 1502 daAuts
     D:7: 1274 daAuts
     D:6: 1148 daAuts
     D:4: 1043 daAuts
  Bailey: 919 daAuts
     D:1: 839 daAuts
     D:8: 671 daAuts
  Temple: 230 daAuts
     D:9: 179 daAuts
